AoeStats
← Destiny9x

Arena

510303124Analyzed
4v4 RM · 1d ago on Sep 30, 2026· 53m 49s· 8 players
Game mode
Random Map
Map size
Large (8 player)
Population
200
Speed
Normal
Resources
Standard
Victory
Conquest
Starting age
Dark Age
Ending age
Imperial Age
RankedLock teamsTeams togetherTeam positionsShared explorationLock speedFull tech treeHidden civsTurbo modeCheats
Victory
Defeat
🇨🇳 Magyars · China
810
+13
🇨🇳 Poles · China
803
+13
🇨🇳 Goths · China
790
+14
🇨🇳 Britons · China
757
+15
🇵🇹 Italians · Portugal
821
-17
🇨🇳 Turks · China
757
-14
🇩🇰 Britons · Denmark
749
-14
🇩🇪 Persians · Germany
650
-10
纸片纸片
11:20 Feudal Age
13:25 Horse Collar
15:53 Castle Age
14:04 Double-Bit Axe
15:59 Town Watch
16:00 Loom
17:49 Bow Saw
19:49 Heavy Plow
20:15 Padded Archer Armor
20:09 Fletching
22:45 Bodkin Arrow
22:29 Pikeman
23:11 Squires
24:32 Gold Mining
24:33 Stone Mining
25:52 Elite Skirmisher
36:31 Stone Shaft Mining
42:17 Imperial Age
42:15 Wheelbarrow
43:24 Hand Cart
44:12 Two-Man Saw
43:46 Crop Rotation
44:18 Scale Mail Armor
46:26 Illumination
46:40 Theocracy
48:03 Capped Ram
52:43 Conscription
tmqylxbz19
10:30 Feudal Age
15:42 Castle Age
13:51 Loom
16:07 Stone Mining
27:03 Scale Barding Armor
28:32 Fletching
30:24 Bodkin Arrow
33:07 Horse Collar
36:50 Chain Barding Armor
36:59 Double-Bit Axe
37:33 Husbandry
37:44 Bloodlines
39:34 Bow Saw
39:26 Heavy Plow
44:09 Imperial Age
42:00 Murder Holes
42:26 Ballistics
42:23 Padded Archer Armor
43:02 Corvinian Army
45:06 Leather Archer Armor
44:28 Elite Magyar Huszar
45:32 Gold Mining
46:22 Wheelbarrow
46:25 Conscription
46:08 Bracer
46:45 Plate Barding Armor
46:43 Ring Archer Armor
47:22 Parthian Tactics
46:17 Heavy Cavalry Archer
47:30 Thumb Ring
49:44 Chemistry
51:35 Gold Shaft Mining
51:43 Recurve Bow
53:45 Hand Cart
smoke
10:43 Feudal Age
11:38 Double-Bit Axe
16:04 Castle Age
14:46 Horse Collar
20:42 Wheelbarrow
20:58 Wheelbarrow
21:56 Hand Cart
22:16 Loom
23:26 Gold Mining
23:26 Stone Mining
24:53 Ballistics
24:18 Treadmill Crane
30:20 Imperial Age
28:24 Bow Saw
29:18 Yeomen
30:55 Heavy Plow
32:08 Chemistry
31:10 Padded Archer Armor
31:00 Fletching
31:14 Murder Holes
31:34 Masonry
31:50 Town Watch
33:30 Warwolf
33:39 Elite Longbowman
34:44 Conscription
35:19 Warwolf
35:26 Warwolf
36:49 Leather Archer Armor
36:29 Bodkin Arrow
36:41 Town Patrol
38:03 Coinage
37:39 Caravan
37:50 Guilds
39:48 Ring Archer Armor
39:18 Bracer
ksffvbh
0:32 Loom
17:20 Feudal Age
18:36 Wheelbarrow
18:18 Double-Bit Axe
18:17 Horse Collar
18:29 Stone Mining
18:31 Gold Mining
21:25 Castle Age
22:41 Hand Cart
22:39 Bow Saw
22:31 Heavy Plow
25:05 Treadmill Crane
27:12 Stone Shaft Mining
29:02 Scale Barding Armor
29:08 Forging
29:00 Husbandry
29:10 Bloodlines
28:21 Light Cavalry
32:10 Imperial Age
32:40 Imperial Age
30:50 Chain Barding Armor
31:50 Iron Casting
33:53 Conscription
33:54 Lechitic Legacy
35:50 Blast Furnace
35:59 Winged Hussar
44:36 Crop Rotation
49:23 Szlachta Privileges
48:43 Cavalier
M1chael Scott
11:04 Feudal Age
15:46 Castle Age
14:01 Double-Bit Axe
14:00 Horse Collar
16:09 Padded Archer Armor
16:03 Fletching
18:44 Loom
19:43 Crossbowman
25:36 Pikeman
Destiny9x
11:00 Feudal Age
11:54 Double-Bit Axe
13:15 Wheelbarrow
13:40 Forging
13:57 Padded Archer Armor
13:47 Fletching
16:44 Horse Collar
22:15 Castle Age
21:11 Stone Mining
21:13 Gold Mining
23:31 Bow Saw
23:23 Heavy Plow
24:10 Iron Casting
23:30 Bodkin Arrow
23:50 Leather Archer Armor
28:47 Parthian Tactics
34:12 Imperial Age
32:46 Ballistics
32:17 Heated Shot
33:47 Kamandaran
36:47 Chemistry
37:53 Blast Furnace
37:28 Ring Archer Armor
37:34 Elite War Elephant
40:06 Heavy Cavalry Archer
52:16 Crop Rotation
mackling
12:45 Feudal Age
16:45 Castle Age
16:29 Gold Mining
21:53 Imperial Age
20:02 Double-Bit Axe
19:59 Horse Collar
24:38 Padded Archer Armor
26:48 Leather Archer Armor
27:13 Wheelbarrow
28:29 Ring Archer Armor
41:09 Gold Shaft Mining
43:52 Town Watch
44:22 Hand Cart
45:52 Loom
Reclaimer
0:28 Loom
12:15 Feudal Age
12:48 Horse Collar
12:56 Double-Bit Axe
13:02 Gold Mining
13:05 Stone Mining
21:06 Castle Age
20:05 Scale Mail Armor
20:16 Forging
19:59 Fletching
20:10 Padded Archer Armor
22:08 Leather Archer Armor
21:48 Bodkin Arrow
22:04 Squires
21:50 Arson
22:08 Heavy Plow
22:22 Bow Saw
22:52 Murder Holes
26:06 Wheelbarrow
28:03 Silk Road
29:43 Thumb Ring
30:53 Ballistics
34:55 Imperial Age
33:51 Stone Shaft Mining
33:06 Town Watch
33:43 Caravan
34:22 Forging
34:25 Masonry
36:08 Hand Cart
36:14 Conscription
37:26 Ring Archer Armor
38:40 Crop Rotation
39:54 Chemistry
40:23 Two-Man Saw
40:30 Bracer
41:03 Treadmill Crane
41:36 Fortified Wall
41:16 Arrowslits
Connection lost

Rejoining the realm…

Still unreachable

The connection could not be restored.

Session expired

The server has moved on; the page needs a fresh start.